 Dungeon Crawl Stone Soup version 0.21.1-1-g345015f (webtiles) character file.

72 Scud the Sneak (level 4, -1/23 HPs)
             Began as a Vine Stalker Assassin on Mar 15, 2018.
             Succumbed to jazmu's ghost's poison
             ... on level 3 of the Dungeon.
             The game lasted 00:10:14 (1846 turns).

Scud the Sneak (Vine Stalker Assassin)              Turns: 1846, Time: 00:10:15

Health: -1/23      AC:  7    Str: 11 (13) XL:     4   Next: 25%
Magic:  4/5        EV: 12    Int:  8 (11) God:
Gold:   134        SH:  0    Dex: 17 (19) Spells: 3/3 levels left

rFire    . . .     SeeInvis .   a - +2 dagger
rCold    . . .     Gourm    .   (no shield)
rNeg     . . .     Faith    .   c - +0 robe
rPois    .         Spirit   +   (no helmet)
rElec    .         Reflect  .   d - +1 cloak
rCorr    .         Harm     .   (no gloves)
MR       .....                  i - +2 pair of boots
Stlth    ++++......             (no amulet)
HPRegen  0.47/turn              (no ring)
MPRegen  0.09/turn              (no ring)

@: lethally poisoned (-1 -> -20)
A: fangs 2, thin skeletal structure 1, blurry vision 1, regeneration 1, magic
shield, antimagic bite, no potion heal 3, rot immunity
a: no special abilities


You were on level 3 of the Dungeon.
You were not hungry.

You visited 1 branch of the dungeon, and saw 3 of its levels.

You collected 134 gold pieces.

Inventory:

Hand Weapons
 a - a +2 dagger (weapon)
 b - a +0 blowgun
 l - a +0 hunting sling
Missiles
 e - 5 poisoned needles
 f - 2 curare-tipped needles
 m - 28 sling bullets
Armour
 c - a +0 robe (worn)
 d - a +1 cloak (worn)
 i - a +2 pair of boots (worn)
Scrolls
 g - 4 scrolls of identify {unknown}
 h - a scroll of fog {unknown}
 j - a scroll of amnesia
 k - 2 scrolls of teleportation
Comestibles
 n - a chunk of flesh
 o - 2 rations


   Skills:
 + Level 2.0 Fighting
 + Level 2.5 Short Blades
 + Level 1.9 Throwing
 + Level 0.9 Dodging
 + Level 6.2 Stealth


You had 3 spell levels left.
You didn't know any spells.

Dungeon Overview and Level Annotations

Branches:
Dungeon (3/15)

Altars:
Okawaru

Annotations:
D:3 jazmu's ghost, amateur DsMo


Innate Abilities, Weirdness & Mutations

You have extremely sharp teeth.
Your natural rate of healing is unusually fast.
When hurt, damage is shared between your health and your magic reserves.
Your bite disrupts and absorbs the magic of your enemies.
Potions cannot restore your health.
You are immune to rotting.
You have a somewhat thin skeletal structure. (Dex +2, Stealth)
Scrolls take you a little longer to read.


Message History

You are more poisoned.
You hit jazmu's ghost but do no damage.
You bite jazmu's ghost, but do no damage.
Jazmu's ghost is lightly damaged.
You feel very sick. Jazmu's ghost misses you.
You hit jazmu's ghost but do no damage.
Jazmu's ghost is lightly damaged.
You feel sick.
Jazmu's ghost hits you but does no damage.
You are more poisoned.
* * * LOW HITPOINT WARNING * * *
You feel very sick.
* * * LOW HITPOINT WARNING * * *
You feel very sick.
Unknown command.
* * * LOW HITPOINT WARNING * * *
You feel very sick.
Okay, then.
You die...

#################### ##
................@.W####...##
#############.####........(.
## #.# #####..###. .# #.# .#
.. ... # ... ##.## #.. ##


You could see jazmu's ghost.

Vanquished Creatures
  An adder (D:3)
  An ooze (D:3)
  2 dart slugs
  3 leopard geckos
  6 giant cockroaches
  8 goblins
  6 hobgoblins
  4 kobolds
  A quokka (D:3)
  A ball python (D:2)
  8 bats
  2 frilled lizards
  2 rats
45 creatures vanquished.

Notes
Turn   | Place    | Note
-------+----------+-------------------------------------------
     0 | D:1      | Scud the Vine Stalker Assassin began the quest for the Orb.
     0 | D:1      | Reached XP level 1. HP: 11/11 MP: 2/2
    21 | D:1      | Reached skill level 5 in Stealth
    93 | D:1      | Reached XP level 2. HP: 14/15 MP: 3/3
   475 | D:1      | Gained mutation: Scrolls take you a little longer to read. [potion of mutation]
   475 | D:1      | Gained mutation: You have a somewhat thin skeletal structure. (Dex +2, Stealth) [potion of mutation]
   665 | D:1      | Reached XP level 3. HP: 18/18 MP: 4/4
  1428 | D:2      | Found an iron altar of Okawaru.
  1480 | D:2      | Reached skill level 6 in Stealth
  1654 | D:3      | Gained mutation: Your natural rate of healing is unusually fast. [Vine Stalker growth]
  1654 | D:3      | Reached XP level 4. HP: 21/23 MP: 5/5
  1824 | D:3      | Noticed jazmu's ghost (amateur DsMo)
  1845 | D:3      | HP: 1/23 [poisoned by jazmu's ghost]
  1846 | D:3      | Succumbed to jazmu's ghost's poison

Skill      XL: |  1  2  3 |
---------------+----------+-----
Stealth        | 5 6 |  6.2
Short Blades   | 2 |  2.5
Fighting       | 2 |  2.0
Throwing       | |  1.9
Dodging        | |  0.9

Action                   |  1- 3 |  4- 6 || total
-------------------------+-------+-------++-------
Melee: Dagger            |    72 |    15 ||    87
       Bite              |    18 |     2 ||    20
 Fire: Blowgun           |       |     3 ||     3
  Use: Potion            |     4 |       ||     4
       Scroll            |     6 |       ||     6
 Stab: Sleeping          |    20 |     5 ||    25
  Eat: Ration            |     1 |       ||     1
Armor: Robe              |    16 |     5 ||    21
Dodge: Dodged            |    31 |     2 ||    33
